 Dungeon Crawl Stone Soup version 0.18.1-50-g88ac8fd (webtiles) character file.

354 Gorglomux the Covert (level 6, -1/41 HPs)
             Began as a Vampire Enchanter on Oct 29, 2016.
             Was an Initiate of Dithmenos.
             Slain by an orc wizard
             ... wielding a +0 dagger
              (5 damage)
             ... on level 4 of the Dungeon.
             The game lasted 00:15:44 (3901 turns).

Gorglomux the Covert (Vampire Enchanter)            Turns: 3901, Time: 00:15:45

Health: -1/41      AC:  3    Str:  7    XL:     6   Next: 35%
Magic:  1/9        EV:  8    Int: 18    God:    Dithmenos [......]
Gold:   96         SH:  0    Dex: 16    Spells: 4 memorised, 0 levels left

rFire  . . .     SeeInvis +     m - +1 dagger (elec)
rCold  + + .     Gourm    .     b - +1 robe
rNeg   + + +     Faith    .     (no shield)
rPois  +         Spirit   .     (no helmet)
rElec  .         Dismiss  +     (no cloak)
rCorr  .         Reflect  .     (no gloves)
SustAt .         Harm     .     (no boots)
MR     .....                    j - amulet of dismissal
Stlth  +++++.....               (no ring)
                                (no ring)

@: regenerating slowly, not resistant to hostile enchantments, quite stealthy
A: fangs 3, see invisible, unbreathing
a: Bat Form, Renounce Religion


You were on level 4 of the Dungeon.
You worshipped Dithmenos.
Dithmenos was noncommittal.
You were near bloodless.

You visited 1 branch of the dungeon, and saw 4 of its levels.

You collected 96 gold pieces.

Inventory:

Hand Weapons
 a - a +1 dagger
 m - a +1 dagger of electrocution (weapon)
Missiles
 u - 12 poisoned needles
Armour
 b - a +1 robe (worn)
Jewellery
 j - an amulet of dismissal (around neck)
Scrolls
 f - a scroll of enchant weapon {unknown}
 g - 5 scrolls of identify {unknown}
 i - a scroll of random uselessness {unknown}
 k - 4 scrolls of remove curse {unknown}
 n - a scroll of fog {unknown}
 s - a scroll of blinking {unknown}
 t - a scroll of amnesia {unknown}
Potions
 d - 4 potions of blood
 e - 2 potions of mutation {unknown}
 h - 2 potions of cure mutation {unknown}
 l - a potion of curing
 o - a potion of agility {unknown}
 p - 2 potions of berserk rage {unknown}
 q - a potion of ambrosia {unknown}
 r - a potion of resistance {unknown}
Books
 c - a book of Maledictions

   Spells                             Type                      Level
   a - Corona                         Hexes                        1
   b - Ensorcelled Hibernation        Hexes/Ice                    2
   c - Confuse                        Hexes                        3
   d - Tukima's Dance                 Hexes                        3
   e - Dazzling Spray                 Conjuration/Hexes            3


   Skills:
 - Level 5.1 Short Blades
 - Level 2.1 Dodging
 - Level 8.4 Stealth
 + Level 2.0 Spellcasting
 + Level 4.4 Hexes


You couldn't memorise any spells.
You knew the following spells:

 Your Spells              Type           Power        Failure   Level  Hunger
a - Corona                Hex            ###....      3%          1    #......
b - Ensorcelled Hibernat  Hex/Ice        #.....       12%         2    ###....
c - Confuse               Hex            ###.....     12%         3    ###....
d - Tukima's Dance        Hex            ###.....     12%         3    ###....


Dungeon Overview and Level Annotations

Branches:
Dungeon (4/15)
 Temple: D:4-7

Altars:
Ashenzari
Cheibriados
Dithmenos
Fedhas
Sif Muna
Zin

Shops:
D:4 %


Innate Abilities, Weirdness & Mutations

You heal slowly.
You have razor-sharp teeth.
You have supernaturally acute eyesight.
You can survive without breathing.


Message History

The orc wizard hits you but does no damage.
You hit the orc wizard.
The orc wizard is heavily wounded.
The orc wizard misses you.
You hit the orc wizard.
The orc wizard is severely wounded.
The orc wizard hits you with a dagger.
* * * LOW HITPOINT WARNING * * *
You are too injured to fight recklessly!
You hit the orc wizard.
The orc wizard is severely wounded.
The orc wizard casts a spell.
The orc wizard blinks!
There is a stone staircase leading up here.
You swing at nothing.
The orc wizard gestures at you while chanting.
The magic dart hits you!
* * * LOW HITPOINT WARNING * * *
The orc wizard hits you with a dagger.
You die...

..........##
.........[.#
.......†...#
............
#################.###.
##.....#.....####...##.
##.............##.....#.
#.......................
#.....o@...............#
#......................#
#........)......#......#
#......^...............#
##.............#........
##...........##.......#
#######.......(......#
####..##.#......
##.##.#####..


You could see an orc wizard.

Vanquished Creatures
  A hungry ghost (D:4)
  A scorpion (D:4)
  An orc priest (D:3)
  An iguana (D:3)
  2 adders (D:4)
  An ooze (D:1)
  2 worms (D:2)
  3 dart slugs
  A giant gecko (D:3)
  14 orcs
  A ball python (D:1)
  6 giant cockroaches
  5 goblins
  7 hobgoblins
  A jackal (D:3)
  A quokka (D:4)
  4 bats
  6 giant newts
  9 kobolds
  4 rats
71 creatures vanquished.

Notes
Turn   | Place    | Note
--------------------------------------------------------------
     0 | D:1      | Gorglomux the Vampire Enchanter began the quest for the Orb.
     0 | D:1      | Reached XP level 1. HP: 13/13 MP: 3/3
   363 | D:1      | Reached XP level 2. HP: 19/19 MP: 5/5
   367 | D:1      | Learned a level 2 spell: Ensorcelled Hibernation
   555 | D:1      | Reached skill level 5 in Stealth
   848 | D:1      | Reached XP level 3. HP: 24/24 MP: 6/6
  1083 | D:2      | Learned a level 3 spell: Confuse
  1243 | D:2      | Found a shattered altar of Ashenzari.
  1640 | D:2      | Found a snail-covered altar of Cheibriados.
  1642 | D:2      | Found a glowing silver altar of Zin.
  1645 | D:2      | Found a deep blue altar of Sif Muna.
  2207 | D:3      | Reached skill level 6 in Stealth
  2207 | D:3      | Reached XP level 4. HP: 26/30 MP: 1/7
  2396 | D:3      | Found a shadowy altar of Dithmenos.
  2581 | D:3      | Became a worshipper of Dithmenos the Shadowed
  2827 | D:3      | Found a blossoming altar of Fedhas.
  2892 | D:4      | Found Someriel's Food Emporium.
  2892 | D:4      | Noticed a hungry ghost
  2907 | D:4      | Killed a hungry ghost
  2907 | D:4      | Reached skill level 7 in Stealth
  2907 | D:4      | Reached XP level 5. HP: 35/35 MP: 1/8
  2939 | D:3      | Reached skill level 8 in Stealth
  2939 | D:3      | Reached XP level 6. HP: 20/41 MP: 0/9
  3056 | D:4      | Reached skill level 5 in Short Blades
  3869 | D:3      | Learned a level 3 spell: Tukima's Dance
  3901 | D:4      | Slain by an orc wizard

Skill      XL: |  1  2  3  4  5  6 |
---------------+-------------------+-----
Short Blades   | 2 3 4 5 |  5.1
Stealth        | 5 6 7 8 |  8.4
Dodging        | |  2.1
Spellcasting   | |  2.0
Hexes          | |  4.4

Action                   |  1- 3 |  4- 6 || total
-------------------------+-------+-------++-------
Melee: Dagger            |   100 |    72 ||   172
       Bite              |     5 |     7 ||    12
 Cast: Corona            |     6 |    10 ||    16
       Ensorcelled Hiber |    13 |    15 ||    28
       Confuse           |     1 |     2 ||     3
       Tukima's Dance    |       |     1 ||     1
 Abil: End Transformatio |       |     1 ||     1
       Bat Form          |       |     1 ||     1
  Use: Potion            |       |     3 ||     3
 Stab: Sleeping          |    22 |    16 ||    38
       Distracted        |     1 |       ||     1
       Confused          |       |     1 ||     1
Armor: Robe              |    22 |     9 ||    31
Dodge: Dodged            |    50 |    37 ||    87
